 Dungeon Crawl Stone Soup version 0.18-a0-1413-g4eaa9ac (webtiles) character file.

3353 dvd the Thaumaturge (level 9, -1/47 HPs)
             Began as a Deep Elf Fire Elementalist on Feb 25, 2016.
             Was a Follower of Vehumet.
             Shot with an arrow of frost by a centaur (11 damage)
             ... on level 7 of the Dungeon.
             The game lasted 00:23:31 (7412 turns).

dvd the Thaumaturge (Deep Elf Fire Elementalist)    Turns: 7412, Time: 00:23:32

Health: -1/47      AC:  8    Str:  8    XL:     9   Next: 73%
Magic:  23/25      EV: 15    Int: 24    God:    Vehumet [*.....]
Gold:   444        SH:  0    Dex: 15    Spells: 7 memorised, 9 levels left

rFire  + . .     SeeInvis .     n - staff of poison
rCold  . . .     Gourm    .     u - +0 robe
rNeg   . . .     Faith    .     (no shield)
rPois  +         Spirit   .     s - +0 helmet
rElec  .         Dismiss  +     w - +0 cloak
rCorr  .         Reflect  .     v - +2 pair of gloves
SustAt .         Harm     .     g - +0 pair of boots
MR     .....                    y - amulet of dismissal
Stlth  ++........               P - ring of protection from fire
                                h - +3 ring of strength

@: not resistant to hostile enchantments, unstealthy
A: no striking features
a: Renounce Religion


You were on level 7 of the Dungeon.
You worshipped Vehumet.
Vehumet was aware of your devotion.
You were hungry.

You visited 2 branches of the dungeon, and saw 8 of its levels.

You collected 444 gold pieces.

Inventory:

Hand Weapons
 a - a +2 dagger of venom
 o - a +0 rapier
 C - a +4 flail of protection
Armour
 g - a +0 pair of boots (worn)
 s - a +0 helmet (worn)
 u - a +0 robe (worn)
 v - a +2 pair of gloves (worn)
 w - a +0 cloak (worn)
Magical Staves
 n - an uncursed staff of poison (weapon)
 H - an uncursed staff of wizardry
Jewellery
 h - a +3 ring of strength (left hand)
 y - an amulet of dismissal (around neck)
 P - a ring of protection from fire (right hand)
Wands
 G - a wand of digging (16/24)
Scrolls
 d - 4 scrolls of identify
 e - 5 scrolls of remove curse
 l - a scroll of amnesia
 D - a scroll of enchant weapon {unknown}
 I - a scroll of enchant armour {unknown}
 K - a scroll of immolation {unknown}
 N - a scroll of teleportation {unknown}
 O - a scroll of magic mapping
Potions
 f - 3 potions of invisibility {unknown}
 i - a potion of haste {unknown}
 k - a potion of beneficial mutation {unknown}
 m - a potion of lignification {unknown}
 q - a potion of heal wounds {unknown}
 r - a potion of resistance {unknown}
 x - 2 potions of might {unknown}
 A - a potion of agility
 B - a potion of berserk rage {unknown}
 E - a potion of curing {unknown}
 J - a potion of magic {unknown}
Books
 b - a book of Flames

   Spells                             Type                      Level
   a - Flame Tongue                   Conjuration/Fire             1
   b - Throw Flame                    Conjuration/Fire             2
   c - Conjure Flame                  Conjuration/Fire             3
   d - Inner Flame                    Hexes/Fire                   3
   e - Sticky Flame                   Conjuration/Fire             4
   f - Fireball                       Conjuration/Fire             5
 z - a book of Burglary

   Spells                             Type                      Level
   a - Swiftness                      Charms/Air                   2
   b - Passwall                       Transmutation/Earth          2
   c - Passage of Golubria            Translocation                4
   d - Lee's Rapid Deconstruction     Earth                        5
   e - Darkness                       Hexes                        6
   f - Invisibility                   Hexes                        6
 F - a book of the Warp

   Spells                             Type                      Level
   a - Recall                         Summoning/Translocation      3
   b - Gell's Gravitas                Hexes/Translocation          3
   c - Force Lance                    Conjuration/Translocation    4
   d - Warp Weapon                    Charms/Translocation         5
   e - Summon Forest                  Summoning/Translocation      5
Comestibles
 c - 8 bread rations
 j - 5 meat rations
 p - 4 beef jerkies
 t - a slice of pizza
 L - 3 fruits


   Skills:
 + Level 1.4 Fighting
 + Level 0.4(0.7) Maces & Flails
 + Level 1.1(1.2) Staves
 + Level 5.6 Dodging
 + Level 3.6 Stealth
 + Level 10.5 Spellcasting
 + Level 7.6 Conjurations
 + Level 8.5 Fire Magic
 + Level 0.2 Evocations


You had 9 spell levels left.
You knew the following spells:

 Your Spells              Type           Power        Failure   Level  Hunger
a - Flame Tongue          Conj/Fire      #####        1%          1    None
b - Throw Flame           Conj/Fire      ######       1%          2    None
c - Sticky Flame          Conj/Fire      ######..     1%          4    None
d - Fireball              Conj/Fire      ######....   6%          5    ####...
e - Conjure Flame         Conj/Fire      ######..     1%          3    None
f - Sting                 Conj/Pois      ####         1%          1    None
g - Force Lance           Conj/Tloc      ####....     14%         4    None


Dungeon Overview and Level Annotations

Branches:
Dungeon (7/15)             Temple (1/1) D:6

Altars:
Ashenzari
Fedhas
Gozag
Kikubaaqudgha
Makhleb
Nemelex Xobeh
Qazlal
Sif Muna
Vehumet
Xom
Yredelemnul
Zin
The Shining One
Lugonu


Message History

You start resting.
Something unseen opens the door.
Eat which item? (? for menu, Esc to quit)
Okay, then.
Unknown command.
Casting: Fireball
Confirm with . or Enter, or press ? or * to list all spells.
Aiming: Throw Flame
Press: ? - help, Shift-Dir - straight line, f - centaur
Aim: a centaur (hasn't noticed you)
The puff of flame hits the centaur.
The centaur is moderately wounded.
The centaur wields a shortbow.
The centaur shoots an arrow of frost.
The arrow of frost hits you! The arrow of frost freezes you.
The centaur shoots an arrow of frost.
The arrow of frost hits you!
* * * LOW HITPOINT WARNING * * *
The arrow of frost freezes you.
* * * LOW HITPOINT WARNING * * *
The centaur shoots an arrow of frost.
The arrow of frost hits you!
You die...

#.............#.......#
#.............#.......#
#.............#.......#
#.............'.......#
##########'############
##...#........
#....#........
#....'........
#<.@(#........
#####(........
≈≈≈≈≈≈≈≈§.......
≈≈≈≈≈≈≈≈≈.##'###
≈≈≈≈≈≈≈≈≈...
≈≈≈≈≈≈≈≈≈...c
≈≈≈≈≈≈≈≈≈......
≈.c.≈≈≈≈≈......
≈.§c≈≈≈≈≈......


You could see a centaur.

Vanquished Creatures
  Pikel (D:5)
  A hill giant (D:5)
  A gargoyle (D:5)
  Grinder (D:3)
  Edmund (D:5)
  The ghost of Ijustatesigmund the Insei, an amateur OpTm (D:4)
  An orc warrior (D:6)
  2 ice beasts
  A black bear (D:6)
  3 sky beasts
  An ogre (D:6)
  A big kobold (D:7)
  A giant frog (D:6)
  A scorpion (D:4)
  A killer bee (D:4)
  A crimson imp (D:6)
  A hound (D:6)
  A giant frog skeleton (D:5)
  An orc priest (D:6)
  2 centaur skeletons
  3 orc wizards
  Natasha (thrice) (D:2)
  An iguana (D:5)
  5 worker ants
  A hound zombie (D:5)
  A hound skeleton (D:4)
  Robin (D:3)
  4 gnolls (D:4)
  A worker ant zombie (D:6)
  7 adders
  An ooze (D:5)
  2 adder skeletons
  4 worms
  3 dart slugs
  4 giant geckos
  20 orcs
  2 giant cockroaches
  11 goblins
  10 hobgoblins
  4 jackals
  7 kobolds
  A quokka (D:5)
  7 bats
  2 giant newts
  A quokka skeleton (D:6)
  7 rats
137 creatures vanquished.

Vanquished Creatures (others)
  A slave (D:5)
  A scorpion (D:5)
  2 crimson imps (D:5)
  2 hounds (D:5)
  A giant newt (D:5)
7 creatures vanquished.

Grand Total: 144 creatures vanquished

Notes
Turn   | Place    | Note
--------------------------------------------------------------
     0 | D:1      | dvd the Deep Elf Fire Elementalist began the quest for the Orb.
     0 | D:1      | Reached XP level 1. HP: 10/10 MP: 6/6
   200 | D:1      | Reached XP level 2. HP: 10/15 MP: 2/8
   684 | D:1      | Learned a level 2 spell: Throw Flame
   832 | D:2      | Found a glowing golden altar of the Shining One.
   905 | D:2      | Reached XP level 3. HP: 19/19 MP: 0/9
  1230 | D:2      | Noticed Natasha
  1231 | D:2      | Found a faded altar to an unknown god.
  1237 | D:2      | Killed Natasha
  1237 | D:2      | Reached skill level 4 in Spellcasting
  1356 | D:2      | Reached XP level 4. HP: 24/24 MP: 3/12
  1426 | D:2      | Learned a level 4 spell: Sticky Flame
  1451 | D:2      | Noticed Natasha
  1459 | D:2      | Killed Natasha
  1798 | D:2      | Noticed Natasha
  1803 | D:2      | Killed Natasha
  1930 | D:2      | Found a burning altar of Makhleb.
  1983 | D:3      | Noticed Robin
  1999 | D:3      | Killed Robin
  1999 | D:3      | Reached XP level 5. HP: 21/28 MP: 0/13
  2352 | D:3      | Noticed Grinder
  2362 | D:3      | Killed Grinder
  2362 | D:3      | Reached skill level 5 in Spellcasting
  2362 | D:3      | Reached skill level 5 in Fire Magic
  2362 | D:3      | Reached XP level 6. HP: 9/33 MP: 1/16
  2583 | D:3      | Learned a level 5 spell: Fireball
  2665 | D:3      | Found a shattered altar of Ashenzari.
  2669 | D:3      | Saw a vision of the Shoals and the Snake Pit.
  2669 | D:3      | Noticed a naga mage
  2669 | D:3      | Noticed a naga mage
  2669 | D:3      | Noticed a shock serpent
  2669 | D:3      | Noticed a naga mage
  2669 | D:3      | Noticed a naga
  2669 | D:3      | Noticed a naga ritualist
  2669 | D:3      | Noticed a black mamba
  2669 | D:3      | Noticed a black mamba
  2669 | D:3      | Noticed a naga ritualist
  2669 | D:3      | Noticed a black mamba
  2669 | D:3      | Noticed a siren
  2669 | D:3      | Noticed a merfolk
  2669 | D:3      | Noticed a merfolk
  2669 | D:3      | Noticed a sea snake
  2669 | D:3      | Noticed a merfolk
  2669 | D:3      | Noticed a hippogriff
  2669 | D:3      | Noticed a siren
  2669 | D:3      | Noticed a merfolk
  2669 | D:3      | Noticed a merfolk
  2669 | D:3      | Noticed a merfolk
  2669 | D:3      | Noticed a siren
  2670 | D:3      | Noticed a mana viper
  2670 | D:3      | Noticed a shock serpent
  2671 | D:3      | Noticed a naga
  4214 | D:4      | Reached skill level 6 in Spellcasting
  4267 | D:4      | Noticed Ijustatesigmund's ghost (amateur OpTm)
  4276 | D:4      | Killed Ijustatesigmund's ghost
  4276 | D:4      | Reached XP level 7. HP: 32/37 MP: 1/18
  4444 | D:4      | Reached skill level 1 in Fighting
  4735 | D:4      | Learned a level 1 spell: Flame Tongue
  4739 | D:4      | Learned a level 3 spell: Conjure Flame
  4864 | D:5      | Entered Level 5 of the Dungeon
  4933 | D:5      | Noticed Pikel
  4943 | D:5      | Killed Pikel
  4943 | D:5      | Reached skill level 7 in Spellcasting
  4943 | D:5      | Reached skill level 5 in Conjurations
  4943 | D:5      | Reached XP level 8. HP: 39/43 MP: 6/21
  5144 | D:5      | Reached skill level 8 in Spellcasting
  5148 | D:5      | Noticed a gargoyle
  5357 | D:5      | Noticed a hill giant
  5376 | D:5      | Killed a hill giant
  5376 | D:5      | Reached skill level 9 in Spellcasting
  5490 | D:5      | Noticed Edmund
  5502 | D:5      | Killed Edmund
  5502 | D:5      | Reached XP level 9. HP: 44/47 MP: 14/24
  5570 | D:5      | Killed a gargoyle
  5570 | D:5      | Reached skill level 5 in Dodging
  6122 | D:5      | Found a radiant altar of Vehumet.
  6124 | D:5      | Found a blossoming altar of Fedhas.
  6195 | D:5      | Became a worshipper of Vehumet
  6403 | D:6      | Reached skill level 1 in Staves
  6456 | D:6      | Found an opulent altar of Gozag.
  6471 | D:6      | Found a staircase to the Ecumenical Temple.
  6475 | D:6      | Reached skill level 10 in Spellcasting
  6642 | Temple   | Entered the Ecumenical Temple
  6734 | D:6      | Reached * piety under Vehumet
  6734 | D:6      | Offered knowledge of Sting by Vehumet.
  6740 | D:6      | Learned a level 1 spell: Sting
  6752 | D:6      | Learned a level 4 spell: Force Lance
  7412 | D:7      | Shot with an arrow of frost by a centaur

Vault maps used:
D:1:      elethiomel_arrival_diamonds
D:2:      marbit_many_paths, ecumenical_altar_1, lemuel_statue_altar,
          uniq_natasha
D:3:      serial_curves, eino_curves_04, eino_curves_02, eino_curves_02,
          eino_curves_01, grunt_ashenzari_visionary, uniq_grinder, uniq_robin
D:5:      minmay_opposing_rooms, nicolae_overflow_hidden_temple, first_bread,
          uniq_pikel, uniq_edmund
D:6:      lemuel_round_altar, minmay_temple_entry_crystal_x
D:7:      nicolae_whirlpool, lemuel_coloured_pillars_altar, cheibriados_altar_1,
          serial_shops, nicolae_shop_window_shopping, grunt_ogre_cave,
          lemuel_centaur_altar, uniq_menkaure, uniq_duvessa
Temple:   corrupted_temple

Skill      XL: |  1  2  3  4  5  6  7  8  9 |
---------------+----------------------------+-----
Stealth        | 3 |  3.6
Spellcasting   | 4 5 6 7 9 10 | 10.5
Fire Magic     | 4 5 6 7 8 |  8.5
Conjurations   | 2 3 5 6 7 |  7.6
Dodging        | 3 4 5 |  5.6
Fighting       | 1 |  1.4
Staves         | 1 |  1.1
Maces & Flails | |  0.4
Evocations     | |  0.2

Action                   |  1- 3 |  4- 6 |  7- 9 || total
-------------------------+-------+-------+-------++-------
Melee: Unarmed           |     1 |       |       ||     1
       Staff             |       |    18 |    29 ||    47
       Flail             |       |       |    31 ||    31
 Cast: Flame Tongue      |    51 |    74 |    54 ||   179
       Throw Flame       |     2 |    25 |    58 ||    85
       Sticky Flame      |       |     4 |    18 ||    22
       Fireball          |       |       |     7 ||     7
       Sting             |       |       |     6 ||     6
       Force Lance       |       |       |     2 ||     2
Evoke: Wand              |       |       |     2 ||     2
  Use: Scroll            |       |       |     6 ||     6
  Eat: Chunk             |     1 |     9 |    12 ||    22
